 Dungeon Crawl Stone Soup version 0.29-a0-472-ge5599a681e (webtiles) character file.

Game seed: 10783120940137167214

25 Zonian the Chiller (level 3, -4/25 HPs)
             Began as a Gnoll Ice Elementalist on May 22, 2022.
             Was an Initiate of Ashenzari.
             Succumbed to a goblin's poison
             ... on level 1 of the Dungeon.
             The game lasted 00:01:14 (643 turns).

Zonian the Chiller (Gnoll Ice Elementalist)          Turns: 643, Time: 00:01:15

Health: -4/25      AC:  2    Str:  7    XL:     3   Next: 4%
Magic:  9/9        EV: 13    Int: 14    God:    Ashenzari [......]
Gold:   49         SH:  0    Dex: 14    Spells: 10/11 levels left

rFire   . . .      SeeInvis .   d - +1 short sword (drain)
rCold   . . .      Faith    .   (no shield)
rNeg    . . .      Spirit   .   a - +0 robe
rPois   .          Reflect  .   (no helmet)
rElec   .          Harm     .   (no cloak)
rCorr   .          Rampage  .   (no gloves)
Will    .....                   (no boots)
Stlth   +++.......              (no amulet)
HPRegen 0.08/turn               (no ring)
MPRegen 0.11/turn               (no ring)

@: lethally poisoned (-4 -> -28)
A: fangs 1, strong nose, distributed training
a: Renounce Religion, Curse Item


You were on level 1 of the Dungeon.
You worshipped Ashenzari.
Ashenzari was noncommittal.
You visited 1 branch of the dungeon, and saw 1 of its levels.

You collected 49 gold pieces.

Inventory:

Hand Weapons
 d - a +1 short sword of draining (weapon)
Armour
 a - a +0 robe (worn)
Scrolls
 c - a scroll of noise {unknown}
 e - a scroll of identify {unknown}
 f - a scroll of teleportation {unknown}
Potions
 b - a potion of magic


   Skills:
 + Level 0.5 Fighting
 + Level 0.5 Short Blades
 + Level 0.5 Long Blades
 + Level 0.5 Axes
 + Level 0.5 Maces & Flails
 + Level 0.5 Polearms
 + Level 0.5 Staves
 + Level 0.5 Slings
 + Level 0.5 Bows
 + Level 0.5 Crossbows
 + Level 0.5 Throwing
 + Level 0.5 Armour
 + Level 4.5 Dodging
 + Level 4.1 Stealth
 + Level 0.5 Shields
 + Level 0.5 Unarmed Combat
 + Level 4.9 Spellcasting
 + Level 0.4 Conjurations
 + Level 0.4 Hexes
 + Level 0.4 Summonings
 + Level 0.4 Necromancy
 + Level 0.4 Translocations
 + Level 0.4 Transmutations
 + Level 0.4 Fire Magic
 + Level 7.0 Ice Magic
 + Level 0.4 Air Magic
 + Level 0.4 Earth Magic
 + Level 0.4 Poison Magic
 + Level 0.7 Invocations
 + Level 0.5 Evocations


You had 10 spell levels left.
You knew the following spells:

 Your Spells              Type           Power      Damage    Failure   Level
a - Freeze                Ice            92%        1d10      1%          1

Your spell library contained the following spells:

 Spells                   Type           Power      Damage    Failure   Level
 Frozen Ramparts          Ice            46%        1d6       2%          3
 Ozocubu's Armour         Ice            23%        N/A       2%          3
 Hailstorm                Conj/Ice       13%        3d5       36%         4
 Summon Ice Beast         Ice/Summ       13%        N/A       36%         4
 Gell's Gravitas          Tloc           4%         N/A       41%         3
 Lesser Beckoning         Tloc           4%         N/A       41%         3
 Teleport Other           Tloc           4%         N/A       41%         3
 Summon Mana Viper        Hex/Summ       4%         N/A       99%         5
 Monstrous Menagerie      Summ           2%         N/A       100%        7


Dungeon Overview and Level Annotations

Branches:
Dungeon (1/15)

Altars:
Ashenzari


Innate Abilities, Weirdness & Mutations

You have very sharp teeth.
Your uncanny sense of smell can sniff out nearby items.
Your experience applies equally to all skills.


Message History

The goblin shouts!
The goblin hits the bush but does no damage.
The bush is poisoned.
Something hits the bush but does no damage.
Something hits the bush but does no damage.
Something hits the bush but does no damage.
The bush looks as sick as possible!
The goblin hits the bush but does no damage.
Something hits the plant.
The plant begins to die.
The plant is poisoned.
You hit the bush but do no damage.
The bush is lightly damaged.
You hit the bush but do no damage. You drain the bush.
The bush is lightly damaged.
You hit the bush but do no damage.
The bush is lightly damaged.
You hit the bush.
The bush is lightly damaged.
You hit the bush but do no damage. You drain the bush.
The bush is moderately damaged.
You hit the bush but do no damage.
The bush is moderately damaged.
The goblin hits you with a +1 dagger of venom.
You are poisoned.
You hit the bush. You bite the bush, but do no damage.
The bush is moderately damaged.
You feel very sick.
The goblin hits you with a +1 dagger of venom.
You are lethally poisoned!
You hit the bush but do no damage.
The bush is moderately damaged.
You feel very sick. The goblin closely misses you.
You closely miss the goblin. Your bite misses the goblin.
* * * LOW HITPOINT WARNING * * *
You feel very sick.
The goblin hits you with a +1 dagger of venom.
* * * LOW HITPOINT WARNING * * *
You are more poisoned.
You barely miss the goblin. Your punch misses the goblin.
You die...

#.# #.# #.# #†#
#♣♣♣##.# #.#
.......#####.### #
#♣♣♣##....>....#####.#
#.#######.#.....# ....
#.P.g...# ###..
#.g♣♣.#.# #..#
##..@P...# #..#
#PP.♣P.!.# #[.#
#.PPP♣....# #.
.P.P♣.♣.♣..$#
#..P♣♣♣.♣.#### #... P
.# ##$ . # ## ##


You could see a goblin.

Vanquished Creatures
  A dart slug (D:1)
  3 endoplasms (D:1)
  4 goblins (D:1)
  3 hobgoblins (D:1)
  A quokka (D:1)
  A ball python (D:1)
  A frilled lizard (D:1)
  3 kobolds (D:1)
  4 rats (D:1)
21 creatures vanquished.

Vanquished Creatures (others)
  A plant (D:1)
1 creature vanquished.

Grand Total: 22 creatures vanquished

Notes
Turn   | Place    | Note
-------+----------+-------------------------------------------
     0 | D:1      | Zonian the Gnoll Ice Elementalist began the quest for the
                  | Orb.
     0 | D:1      | Reached XP level 1. HP: 13/13 MP: 6/6
    66 | D:1      | Found a faded altar of an unknown god.
    78 | D:1      | Prayed at the altar of an unknown god.
    78 | D:1      | Became a worshipper of Ashenzari the Shackled
   106 | D:1      | Reached XP level 2. HP: 12/19 MP: 4/7
   612 | D:1      | Reached XP level 3. HP: 25/25 MP: 9/9
   643 | D:1      | Succumbed to a goblin's poison

Illustrated notes

Levels and vault maps discovered:
D:1:      dpeg_arrival_ratfight, layout_loops_ring, serial_forest,
          infiniplex_forest_straight_2, infiniplex_forest_end_3,
          infiniplex_forest_zigzag_1, infiniplex_forest_end_2,
          infiniplex_forest_lined_ring, infiniplex_forest_lined_corner,
          infiniplex_forest_clump_curved, infiniplex_forest_end_1,
          infiniplex_forest_straight_1, dreamdust_ecumenical_altar_statues,
          minmay_pentomino_z2

Action                   || total
-------------------------++-------
Melee: Short sword       ||    32
       Bite              ||     2
 Cast: Freeze            ||     8
 Stab: Sleeping          ||     1
Armor: Robe              ||     4
Dodge: Dodged            ||    21

Table legend: (Time is in decaauts)
 A = Elapsed time spent in this place.
 B = Non-inter-level travel time spent in this place.
 C = Inter-level travel time spent in this place.
 D = Time resting spent in this place.
 E = Time spent auto-exploring this place.
 F = Levels seen in this place.
 G = Mean time per level.
                   A        B        C        D        E       F      G
               +--------+--------+--------+--------+--------+-----+--------+
         Total |    644 |    644 |      0 |    119 |    373 |   1 |  644.0 |
       Dungeon |    644 |    644 |      0 |    119 |    373 |   1 |  644.0 |
               +--------+--------+--------+--------+--------+-----+--------+

Top non-repeatable levels by time:
     D:1: 644 daAuts
